 Dungeon Crawl Stone Soup version 0.31-a0-441-g867994ef1c (webtiles) character file.

Game seed: 11996896342027277125

32022 mdonais the Martial Artist (level 13, -1/101 HPs)
             Began as an Octopode Reaver on Aug 1, 2023.
             Was an Elder of Ashenzari.
             Killed from afar by a molten gargoyle (19 damage)
             ... with a bolt of magma
             ... in a volcano on Aug 3, 2023.
             The game lasted 01:38:31 (22832 turns).

mdonais the Martial Artist (Octopode Reaver)       Turns: 22832, Time: 01:38:32

Health: -1/101     AC:  5    Str: 12    XL:     13   Next: 61%
Magic:  41/41      EV: 18    Int: 15    God:    Ashenzari [****..]
Gold:   1577       SH: 19    Dex: 21    Spells: 11/26 levels left

rFire   + .          .
                       - Unarmed
rCold   . . .        J - +5 Storm Queen's Shield {shock, Fly rElec, Dev, Elem} (curse)
rNeg    . . .        (helmet restricted)
rPois   .            (no amulet)
rElec   +            e - ring of the Unyielding Gaze {AC+4, Dev, Elem} (curse)
rCorr   +            f - ring of the Unyielding Gaze {rF+, Alch, Self} (curse)
SInv    +            c - ring "Per Aspera Ad Scientiam" {MP+9, Bglg, Alch} (curse)
Will    .....        q - ring of Ashenzari's Oracle {Dex+6, Cun, Self} (curse)
Stlth   ++++++       l - ring "I Foresaw This" {MP+9, Alch, Fort} (curse)
HPRegen 0.36/turn    (no ring)
MPRegen 0.27/turn    g - ring "Behold Eternity" {rCorr, Melee, Dev} (curse)
                     y - ring "Prophetic Hedonism" {Slay+4, Melee, Bglg} (curse)

%: clarity
@: mighty, flying, unable to drink
A: almost no armour, amphibious, 8 rings, camouflage 1, gelatinous body 1,
(nimble swimmer 1), tentacles, inability to drink after injury 1
a: Renounce Religion, Curse Item, Shatter the Chains


You were in a volcano.
You worshipped Ashenzari.
Ashenzari was greatly pleased with you.
You visited 3 branches of the dungeon, and saw 15 of its levels.
You also visited: Ossuary, Bailey and Volcano.

You collected 1715 gold pieces.
You spent 138 gold pieces at shops.

Inventory:

Hand Weapons
 b - a +0 orcbow
   (You took it off a centaur on level 7 of the Dungeon)
 u - the +8 trident of Peril {pain, Str+4 Stlth+}
   (You found it on level 9 of the Dungeon)

   Str:       It affects your strength (+4).
   Stlth:     It makes you more stealthy.
 z - a +2 dagger of speed
   (You took it off an orc on level 6 of the Dungeon)
 M - the +6 falchion of Ruiqopupn {flame, rC- rN+ Will+++ Dex+3}
   (You found it on level 11 of the Dungeon)

   Dex:       It affects your dexterity (+3).
   rC:        It makes you vulnerable to cold.
   rN:        It protects you from negative energy.
   Will:      It greatly increases your willpower.
 O - the +10 mace of Afutusie {flame, Int+3 Stlth+}
   (You found it on level 2 of the Lair of Beasts)

   Int:       It affects your intelligence (+3).
   Stlth:     It makes you more stealthy.
 P - a +1 shortbow of flaming
   (You took it off a centaur in a volcano)
 R - a +2 shortbow of flaming
   (You took it off a centaur in a volcano)
Missiles
 t - 15 boomerangs (quivered)
 L - 22 poisoned darts
 Z - a throwing net {=!f}
Armour
 J - the cursed +5 Storm Queen's Shield (worn) {shock, Fly rElec, Dev, Elem}
   (You acquired it in a bailey)

   Shock:     When it blocks an attack, it may electrocute the attacker.
   This works even against foes who are a short distance away.
   rElec:     It insulates you from electricity.
   Fly:       It grants you flight.
   It has a curse which improves the following skills: Devices: Evocations and
   Shapeshifting.
   Elements:  Fire Magic, Ice Magic, Air Magic and Earth Magic.
Jewellery
 c - the cursed ring "Per Aspera Ad Scientiam" (on tentacle) {MP+9, Bglg, Alch}
   (You found it on level 3 of the Dungeon)

   [ring of magical power]

   MP:        It affects your magic capacity (+9).
   It has a curse which improves the following skills: Beguiling: Conjurations,
   Hexes and Translocations.
   Alchemy:   Poison Magic and Transmutations.
 e - the cursed ring of the Unyielding Gaze (left tentacle) {AC+4, Dev, Elem}
   (You found it on level 1 of the Dungeon)

   [ring of protection]

   AC:        It affects your AC (+4).
   It has a curse which improves the following skills: Devices: Evocations and
   Shapeshifting.
   Elements:  Fire Magic, Ice Magic, Air Magic and Earth Magic.
 f - the cursed ring of the Unyielding Gaze (right tentacle) {rF+, Alch, Self}
   (You found it on level 2 of the Dungeon)

   [ring of protection from fire]

   rF:        It protects you from fire.
   It has a curse which improves the following skills: Alchemy: Poison Magic and
   Transmutations.
   Introspection: Fighting and Spellcasting.
 g - the cursed ring "Behold Eternity" (on tentacle) {rCorr, Melee, Dev}
   (You found it on level 9 of the Dungeon)

   [ring of resist corrosion]

   rCorr:     It protects you from acid and corrosion.
   It has a curse which improves the following skills: Melee Combat: Short
   Blades, Long Blades, Axes, Maces & Flails, Polearms, Staves and Unarmed
   Combat.
   Devices:   Evocations and Shapeshifting.
 l - the cursed ring "I Foresaw This" (on tentacle) {MP+9, Alch, Fort}
   (You found it in an ossuary)

   [ring of magical power]

   MP:        It affects your magic capacity (+9).
   It has a curse which improves the following skills: Alchemy: Poison Magic and
   Transmutations.
   Fortitude: Shields.
 q - the cursed ring of Ashenzari's Oracle (on tentacle) {Dex+6, Cun, Self}
   (You took it off a goblin on level 4 of the Dungeon)

   [ring of dexterity]

   Dex:       It affects your dexterity (+6).
   It has a curse which improves the following skills: Cunning: Dodging and
   Stealth.
   Introspection: Fighting and Spellcasting.
 y - the cursed ring "Prophetic Hedonism" (on tentacle) {Slay+4, Melee, Bglg}
   (You found it on level 11 of the Dungeon)

   [ring of slaying]

   Slay:      It affects your accuracy & damage with ranged weapons and melee
   (+4).
   It has a curse which improves the following skills: Melee Combat: Short
   Blades, Long Blades, Axes, Maces & Flails, Polearms, Staves and Unarmed
   Combat.
   Beguiling: Conjurations, Hexes and Translocations.
 G - a ring of ice
   (You took it off an orc in a bailey)
Wands
 D - a wand of digging (10)
   (You found it on level 8 of the Dungeon)
 I - a wand of iceblast (6)
   (You took it off Pikel on level 4 of the Dungeon)
 V - a wand of flame (59)
   (You took it off Natasha on level 4 of the Dungeon)
Scrolls
 d - 2 scrolls of fog
 h - 2 scrolls of amnesia
 n - 3 scrolls of silence
 s - a scroll of poison
 w - 2 scrolls of revelation
 x - 3 scrolls of vulnerability
 A - a scroll of immolation
 B - a scroll of blinking
 C - 3 scrolls of enchant armour
 E - 2 scrolls of fear
 F - 3 scrolls of enchant weapon
 T - 7 scrolls of teleportation
Potions
 a - 2 potions of magic
 i - 2 potions of cancellation
 j - a potion of mutation
 k - a potion of lignification
 m - 5 potions of heal wounds
 o - a potion of brilliance
 p - a potion of invisibility
 r - a potion of might
 v - 2 potions of enlightenment
 H - 3 potions of haste
 K - 3 potions of ambrosia
 N - a potion of attraction
 Q - 8 potions of curing


   Skills:
 - Level 11.3(14.0) Fighting
 - Level 7.2(9.1) Dodging
 - Level 7.3(9.2) Stealth
 + Level 10.7(12.5) Shields
 - Level 11.3(14.0) Unarmed Combat
 - Level 4.4(7.0) Spellcasting
 - Level 4.0(6.4) Conjurations
 - Level 1.0(2.5) Translocations
 - Level 7.4(10.2) Air Magic
 - Level 5.0(8.4) Poison Magic
 - Level 2.5(5.3) Evocations


You had 11 spell levels left.
You knew the following spells:

 Your Spells              Type           Power      Damage    Failure   Level
a - Airstrike             Air            17%        2d(3-19)  4%          4
b - Momentum Strike       Conj/Tloc      36%        3d9       7%          2
c - Poisonous Vapours     Pois/Air       66%        N/A       1%          2
d - Mephitic Cloud        Conj/Pois/Air  30%        N/A       2%          3
e - Swiftness             Air            35%        N/A       1%          3
f - Kiss of Death         Conj/Necr      56%        2d9       8%          1

Your spell library contained the following spells:

 Spells                   Type           Power      Damage    Failure   Level
 Shock                    Conj/Air       100%       1d9       1%          1
 Static Discharge         Conj/Air       60%        2-5/arc   1%          2
 Hailstorm                Conj/Ice       15%        3d5       22%         3
 Summon Lightning Spire   Summ/Air       20%        N/A       34%         4
 Ensorcelled Hibernation  Hex/Ice        12%        N/A       36%         2
 Passwall                 Tmut/Erth      5%         N/A       36%         2
 Sublimation of Blood     Necr           5%         N/A       41%         2
 Portal Projectile        Hex/Tloc       18%        N/A       43%         3
 Frozen Ramparts          Ice            12%        1d2       58%         3
 Inner Flame              Hex/Fire       6%         N/A       58%         3
 Freezing Cloud           Conj/Ice/Air   11%        6-21      61%         5
 Call Canine Familiar     Summ           5%         N/A       65%         3
 Irradiate                Conj/Tmut      7%         3d14      89%         5
 Leda's Liquefaction      Hex/Erth       3%         N/A       94%         4
 Petrify                  Tmut/Erth      6%         N/A       94%         4
 Metabolic Englaciation   Hex/Ice        3%         N/A       100%        5
 Yara's Violent Unravell  Hex/Tmut       3%         3d4       100%        5
 Enfeeble                 Hex            3%         N/A       100%        7


Dungeon Overview and Level Annotations

Branches:
Dungeon (11/15) Zot: 22795  Temple (1/1) D:6 Zot: 5973    Lair (3/5) D:11 Zot: 15134
 Shoals (0/4) Lair:2       Spider (0/4) Lair:3      Ossuary (visited)
 Bailey (visited)         Volcano (1/1) Zot: 5814
    Orc: D:9-12

Altars:
Ashenzari
Cheibriados
Dithmenos
Elyvilon
Fedhas
Gozag
Hepliaklqana
Kikubaaqudgha
Makhleb
Nemelex Xobeh
Okawaru
Qazlal
Ru
Sif Muna
Trog
Uskayaw
Vehumet
Wu Jian
Xom
Yredelemnul
Zin
The Shining One

Shops:
D:1 (   D:2 ***   D:3 *

Portals:
Trove: D:10 (give +8 demon trident)

Annotations:
D:9 exclusion: oklob plant
Lair:2 3 runed translucent doors, worthlessgem's ghost, journeyman BaSh
Lair:3 Amaemon


Innate Abilities, Weirdness & Mutations

You cannot wear most types of armour.
You are amphibious.
You can wear up to eight rings at the same time.
Your skin changes colour to match your surroundings (Stealth+).
Your rubbery body absorbs attacks. (AC +1, EV +1)
((You are camouflaged when in or above water. (Stealth+)))
You have tentacles for arms and can constrict up to eight enemies at once.
You occasionally lose the ability to drink potions when taking damage.


Message History

The helpless centaur fails to defend itself.
You batter the centaur!!
You kill the centaur!
Training target 14.0 for Fighting reached!
You regained 2 hp, and now have 83/101 hp.
Things that are here:
a +1 shortbow of flaming; a centaur corpse
P - a +1 shortbow of flaming
Found a potion of haste and 23 gold pieces.
Found 23 gold pieces.
You see here 12 gold pieces.
Found a +1 rapier of flaming.
You see here 29 gold pieces.
You now have 1472 gold pieces (gained 15).
There are no items here.
You see here 29 gold pieces.
You now have enough gold to buy a storm talisman on D:2.
You can access your shopping list by pressing '$'.
You now have 1501 gold pieces (gained 29).
You see here 12 gold pieces.
You now have 1513 gold pieces (gained 12).
You see here a centaur corpse.
There is an open door here.
MP restored: 41 You reach down and open the door.
A centaur comes into view.
It is wielding a +2 shortbow of flaming.
Found 64 gold pieces.
A centaur comes into view.
It is wielding a +2 shortbow of flaming.
Found a +1 glaive of flaming.
There is an open door here.
Found a +0 trident.
The helpless centaur fails to defend itself.
You batter the centaur!!
You kill the centaur!
You see here a +2 shortbow of flaming.
R - a +2 shortbow of flaming
Found a potion of invisibility and 11 gold pieces.
Found 18 gold pieces.
You now have 1543 gold pieces (gained 30).
Found a +2 chain mail of fire resistance.
You now have 1558 gold pieces (gained 15).
The air gets thick with the scent of sulphur.
You now have 1577 gold pieces (gained 19).
In the distance, the volcano erupts with a roar.
There is a fountain of clear blue water here.
There is an open door here.
You feel very mighty all of a sudden. As you open the door, it creaks loudly!
A molten gargoyle, a centaur warrior and a centaur come into view.
The centaur warrior is wielding a +1 shortbow of flaming.
The centaur is wielding a +2 shortbow of flaming.
You hear a shout!
The centaur warrior shouts!
The centaur shouts!
A centaur comes into view.
It is wielding a +1 shortbow of flaming.
The centaur warrior moves out of view.
Found a radiant altar of Vehumet.
The centaur unwields a +1 shortbow of flaming.
It stops flaming.
You block the centaur's attack. x2
The centaur unwields a +2 shortbow of flaming.
It stops flaming.
The centaur hits you but does no damage.
You block the centaur's attack.
Something unseen opens the door.
There is an open door here.
You batter the centaur!!
You kill the centaur!
You block the centaur's attack. x2
Your shield discharges, shocking the centaur!
The centaur warrior unwields a +1 shortbow of flaming.
It stops flaming.
The centaur warrior hits you!
The centaur warrior kicks you but does no damage.
You take 11 damage, and have 88/101 hp.
You bludgeon the centaur warrior! You squeeze the centaur warrior!
The centaur warrior is heavily wounded.
You block the centaur's attack. x2; You block the centaur warrior's attack.
The centaur warrior closely misses you.
Okay, then.
Okay, then.
You batter the centaur warrior!! You squeeze the centaur warrior!
The centaur warrior is almost dead.
You block the centaur's attack. x2
Your shield discharges, shocking the centaur!
You kill the centaur!
The centaur warrior hits you. The centaur warrior kicks you.
You take 2 damage, and have 86/101 hp.
You batter the centaur warrior!!
You kill the centaur warrior!
You tentacle-slap the red draconian but do no damage.
You grab the red draconian. You tentacle-slap the red draconian.
The red draconian is lightly wounded.
You constrict the red draconian, but do no damage.
The molten gargoyle blasts magma at you!
The bolt of magma misses you.
You bludgeon the red draconian!
The red draconian is lightly wounded.
You constrict the red draconian.
The molten gargoyle blasts magma at you!
The bolt of magma misses you. The red draconian breathes fire at you.
The searing blast hits you!! You resist.
You take 19 damage, and have 68/101 hp.
You bludgeon the red draconian!
The red draconian is moderately wounded.
You constrict the red draconian. You block the red draconian's attack.
You completely miss the red draconian.
The red draconian is moderately wounded.
You constrict the red draconian, but do no damage.
You block the red draconian's attack. You block the molten gargoyle's attack.
You bludgeon the red draconian! You squeeze the red draconian!
The red draconian is heavily wounded.
You constrict the red draconian, but do no damage.
The molten gargoyle blasts magma at you!
The bolt of magma hits you!! You partially resist.
The red draconian hits you with a +0 broad axe of flaming!
You take 33 damage, and have 36/101 hp.
MASSIVE DAMAGE!!
You barely miss the red draconian. You squeeze the red draconian!!
The red draconian is severely wounded.
You constrict the red draconian.
You tentacle-slap the red draconian but do no damage.
You tentacle-slap the red draconian! You squeeze the red draconian!
The red draconian is almost dead.
You constrict the red draconian.
The molten gargoyle hits you with a +0 dire flail!!
You feel threatened and lose the ability to drink potions!
* * * LOW HITPOINT WARNING * * *
You are engulfed in flames.
You resist.
* * * LOW HITPOINT WARNING * * *
You block the red draconian's attack.
Your shield discharges, shocking the red draconian!
You kill the red draconian!
You take 21 damage, and have 15/101 hp.
MASSIVE DAMAGE!!
You cannot drink potions in your current state!
You can't see any enemies this would affect, really read the scroll of fear?
Okay, then.
Unknown command.
Blink to where?
Press: ? - help, Dir - move target
As you read the scroll of blinking, it crumbles to dust.
You reach down and close the door.
You cannot drink potions in your current state!
Unknown command.
As you read the scroll of fog, it dissolves into smoke.
A molten gargoyle breaks down the door.
You see here a centaur corpse.
Aiming: Iceblast
Press: ? - help, Shift-Dir - straight line, f - molten gargoyle
Aim: a molten gargoyle, wielding a +0 dire flail (blue smoke)
The mass of ice explodes!
The iceblast engulfs the molten gargoyle.
The molten gargoyle is lightly damaged.
The molten gargoyle blasts magma at you!
The bolt of magma hits you!! You partially resist.
You die...

#######.#######
*.)$$+...#$$/.*
*#)!{#._.')![#*
###8###...###8###
##....##)))##§§§§##
#......##'##§§§§§.#
#.8..⌠.#...#§§9§8.#
#......'.∩.§§§§§..#
##....##...##§§.@##
########'########
**,,* #.# ,,,,**
##.## ,,,..**#8.8#
,,~...##...##
,,≈≈§.......#
,,≈§≈.......#
~~≈≈≈≈≈≈....##


You could see a molten gargoyle.

Vanquished Creatures
  A red draconian (Volcano)
  2 centaur warriors
  A two-headed ogre (D:11)
  8 death yaks
  Nergalle (Lair:2)
  Lodul (D:11)
  4 skeletal warriors (D:11)
  Pikel (D:4)
  An orc knight (Bailey)
  2 manticores
  Joseph (Lair:1)
  3 cane toads (Lair:1)
  2 smoke demons (D:9)
  A torpor snail (Lair:1)
  Psyche (D:10)
  Maggie (D:10)
  A komodo dragon (Lair:3)
  2 trolls
  6 polar bears
  Prince Ribbit (D:6)
  A hornet (D:10)
  A vampire (D:11)
  2 shadows (D:10)
  24 yaks
  A wyvern (Lair:3)
  9 fire bats
  A basilisk (Lair:1)
  A neqoxec (D:9)
  3 steam dragons
  Duvessa (D:5)
  3 water moccasins
  An acid dragon (D:11)
  A sky beast (D:6)
  2 black bears
  14 orc warriors (Bailey)
  9 ogres
  6 wolves (Lair:1)
  18 centaurs
  A lemure (D:4)
  2 phantoms
  A kobold brigand (D:11)
  A scorpion (D:6)
  8 bullfrogs
  A gnoll sergeant (D:10)
  5 water moccasin zombies (Ossuary)
  14 wights
  Dowan (D:5)
  20 killer bees
  A howler monkey (D:7)
  4 lava snakes (Volcano)
  4 orc priests
  2 hounds
  3 jellies (D:5)
  Crazy Yiuf (D:4)
  2 gnoll boudas
  A sleepcap (D:7)
  Natasha (thrice) (D:4)
  6 iguanas
  5 orc wizards
  3 mummies
  28 gnolls
  4 river rats (D:11)
  9 adders
  2 shadow imps (D:9)
  4 white imps
  3 ufetubi
  3 adder zombies (Ossuary)
  2 worms
  A dart slug (D:4)
  38 orcs
  11 ball pythons
  2 bats
  10 endoplasms
  A giant cockroach (D:2)
  3 gnoll zombies (Ossuary)
  28 goblins
  14 hobgoblins
  10 quokkas
  3 frilled lizards
  5 hobgoblin zombies (Ossuary)
  11 kobolds
  5 kobold zombies (Ossuary)
  8 orc zombies (Ossuary)
  4 rats
437 creatures vanquished.

Vanquished Creatures (others)
  A centaur (D:11)
1 creature vanquished.

Grand Total: 438 creatures vanquished

Notes
Turn   | Place    | Note
-------+----------+-------------------------------------------
     0 | D:1      | mdonais the Octopode Reaver began the quest for the Orb.
     0 | D:1      | Reached XP level 1. HP: 14/14 MP: 3/3
    33 | D:1      | Reached skill level 1 in Stealth
   140 | D:1      | Reached XP level 2. HP: 19/19 MP: 5/5
   703 | D:1      | Reached XP level 3. HP: 22/24 MP: 6/6
   761 | D:1      | Found Zeojur's Weapon Shoppe.
  1039 | D:2      | Found Iseig's General Store.
  1391 | D:2      | Found Xaboaj's Assorted Antiques.
  1411 | D:2      | Bought a scroll labelled WEEK BICOAPN for 25 gold pieces
  1411 | D:2      | Bought a scroll labelled DACVIU WAFREIT for 25 gold pieces
  1628 | D:2      | Found Heeh's General Store.
  1631 | D:2      | Bought a potion of degeneration for 12 gold pieces
  1875 | D:2      | Bought a scroll of identify for 26 gold pieces
  1875 | D:2      | Bought a scroll of identify for 26 gold pieces
  1985 | D:3      | Reached XP level 4. HP: 31/31 MP: 7/7
  2145 | D:3      | Found Vuhefuoti's Assorted Antiques.
  2155 | D:3      | Bought an inky potion for 24 gold pieces
  2323 | D:3      | Reached XP level 5. HP: 30/37 MP: 8/8
  2328 | D:2      | Learned a level 2 spell: Momentum Strike
  2331 | D:2      | Learned a level 2 spell: Poisonous Vapours
  2518 | D:3      | Reached skill level 1 in Poison Magic
  3156 | D:4      | Noticed a phantom
  3193 | D:4      | Killed a phantom
  3194 | D:4      | Reached skill level 1 in Air Magic
  3194 | D:4      | Reached XP level 6. HP: 36/44 MP: 9/9
  3233 | D:4      | Found a runed translucent door.
  3234 | D:4      | Noticed Crazy Yiuf
  3441 | D:4      | Noticed Natasha
  3454 | D:4      | Killed Natasha
  3556 | D:4      | Noticed Natasha
  3562 | D:4      | Killed Natasha
  3695 | D:4      | Noticed Natasha
  3702 | D:4      | Killed Natasha
  3703 | D:4      | Reached skill level 5 in Fighting
  3837 | D:3      | Reached XP level 7. HP: 47/50 MP: 3/10
  3992 | D:4      | Noticed Pikel
  4079 | D:4      | Killed Pikel
  4080 | D:4      | Reached skill level 1 in Translocations
  4080 | D:4      | Reached skill level 1 in Evocations
  4080 | D:4      | Reached skill level 5 in Unarmed Combat
  4080 | D:4      | Reached XP level 8. HP: 35/55 MP: 6/11
  4577 | D:4      | Learned a level 3 spell: Mephitic Cloud
  4581 | D:4      | Learned a level 3 spell: Swiftness
  5708 | D:5      | Entered Level 5 of the Dungeon
  5760 | D:5      | Found a sand-covered staircase.
  5780 | Ossuary  | Entered an ossuary
  5893 | Ossuary  | Reached skill level 5 in Poison Magic
  6248 | D:5      | Reached XP level 9. HP: 62/62 MP: 13/13
  6472 | D:5      | Noticed Duvessa
  6475 | D:5      | Noticed Dowan
  6496 | D:5      | Killed Dowan
  6512 | D:5      | Killed Duvessa
  6869 | D:5      | Noticed a +0 short sword
  6869 | D:5      | Noticed a +0 falchion
  6870 | D:5      | Noticed a +0 spear
  6870 | D:5      | Noticed a +0 dagger
  6873 | D:5      | Noticed a +0 dagger
  6873 | D:5      | Noticed a +0 falchion
  6873 | D:5      | Noticed a +0 short sword
  6873 | D:5      | Noticed a +0 spear
  6881 | D:5      | Found a hide-covered altar of Uskayaw.
  7262 | D:6      | Noticed Prince Ribbit
  7426 | D:6      | Found a staircase to the Ecumenical Temple.
  7433 | Temple   | Entered the Ecumenical Temple
  7450 | Temple   | Became a worshipper of Ashenzari the Shackled
  8425 | D:6      | Killed Prince Ribbit
  8766 | D:7      | Reached skill level 5 in Air Magic
  8769 | D:7      | Reached XP level 10. HP: 53/71 MP: 6/15
  8953 | D:7      | Reached skill level 5 in Dodging
  9198 | D:7      | Found an opulent altar of Gozag.
  9978 | D:8      | Reached * piety under Ashenzari
 10040 | D:8      | Learned a level 4 spell: Airstrike
 10900 | D:9      | Identified the +8 trident of Peril {pain, Str+4 Stlth+}
 10937 | D:9      | Reached skill level 5 in Stealth
 11001 | D:9      | Found a flagged portal.
 11053 | Bailey   | Entered a bailey
 12131 | Bailey   | Noticed an orc knight
 12551 | Bailey   | Reached XP level 11. HP: 80/80 MP: 18/18
 12618 | Bailey   | Killed an orc knight
 12809 | Bailey   | Noticed an orc warlord
 12917 | Bailey   | Identified a scroll of acquirement
 12926 | Bailey   | Acquired the +5 Storm Queen's Shield {shock, Fly rElec}
 12926 | Bailey   | Found the +5 Storm Queen's Shield {shock, Fly rElec}
 13275 | D:9      | Found a sparkling altar of Nemelex Xobeh.
 13398 | D:9      | Reached ** piety under Ashenzari
 13427 | D:9      | Reached skill level 1 in Shields
 13514 | D:9      | Upgraded the game from 0.31-a0-435-g2c6fae2916 to
                  | 0.31-a0-441-g867994ef1c
 13581 | D:9      | Gained mutation: You occasionally lose the ability to drink
                  | potions when taking damage. [a neqoxec]
 14090 | D:9      | Found a blossoming altar of Fedhas.
 14106 | D:9      | Noticed an oklob plant
 14476 | D:10     | Entered Level 10 of the Dungeon
 14675 | D:10     | Noticed a manticore
 14702 | D:10     | Reached skill level 5 in Shields
 14837 | D:10     | Killed a manticore
 15054 | D:10     | Noticed Maggie
 15056 | D:10     | Noticed Psyche
 15065 | D:10     | Killed Psyche
 15073 | D:10     | Killed Maggie
 15529 | D:10     | Found a portal to a secret trove of treasure.
 15588 | D:11     | Noticed a manticore
 15595 | D:11     | Killed a manticore
 15610 | D:11     | Noticed a centaur warrior
 15758 | D:11     | Noticed a skeletal warrior
 15758 | D:11     | Noticed a skeletal warrior
 15759 | D:11     | Noticed a skeletal warrior
 15760 | D:11     | Noticed a skeletal warrior
 15848 | D:10     | Reached *** piety under Ashenzari
 16158 | D:11     | Noticed Lodul
 16180 | D:11     | Killed Lodul
 16181 | D:11     | Reached XP level 12. HP: 90/90 MP: 11/21
 16539 | D:11     | Killed a centaur warrior
 16866 | D:11     | Noticed a two-headed ogre
 16871 | D:11     | Killed a two-headed ogre
 17076 | D:11     | Noticed a death yak
 17077 | D:11     | Noticed a death yak
 17087 | D:11     | Noticed a death yak
 17380 | D:11     | Reached **** piety under Ashenzari
 17491 | D:11     | Found a staircase to the Lair.
 17507 | D:11     | Identified the +6 falchion of Ruiqopupn {flame, rC- rN+
                  | Will+++ Dex+3}
 17711 | D:11     | Killed a death yak
 17750 | D:11     | Killed a death yak
 17753 | D:11     | Killed a death yak
 18508 | D:11     | Found a staircase to the Lair.
 18979 | Lair:1   | Entered Level 1 of the Lair of Beasts
 18982 | Lair:1   | Reached skill level 10 in Unarmed Combat
 19128 | Lair:1   | Noticed a death yak
 19130 | Lair:1   | Noticed a death yak
 19153 | Lair:1   | Killed a death yak
 19233 | Lair:1   | Reached skill level 10 in Fighting
 19462 | Lair:1   | Noticed a death yak
 19465 | Lair:1   | Noticed a death yak
 19512 | Lair:1   | Killed a death yak
 19513 | Lair:1   | Reached XP level 13. HP: 74/99 MP: 21/23
 20358 | Lair:1   | Noticed Joseph
 20363 | Lair:1   | Killed Joseph
 20749 | Lair:2   | Found a runed translucent gate.
 20749 | Lair:2   | Found a runed translucent gate.
 20749 | Lair:2   | Found a runed translucent gate.
 20753 | Lair:2   | Identified the +6 short sword "Rubreusch" {pain, Will+}
 20755 | Lair:2   | Noticed worthlessgem's ghost (journeyman BaSh)
 20765 | Lair:2   | Identified the +10 mace of Afutusie {flame, Int+3 Stlth+}
 20957 | Lair:2   | Noticed Nergalle
 20963 | Lair:2   | Killed Nergalle
 21349 | Lair:2   | Found a staircase to the Shoals.
 22231 | D:4      | Killed Crazy Yiuf
 22532 | Lair:3   | Noticed Amaemon
 22627 | Lair:3   | Reached skill level 10 in Shields
 22634 | Lair:3   | Found a dark tunnel.
 22643 | Volcano  | Entered a volcano
 22764 | Volcano  | Noticed a red draconian
 22812 | Volcano  | Found a radiant altar of Vehumet.
 22824 | Volcano  | Killed a red draconian
 22832 | Volcano  | Killed from afar by a molten gargoyle

Illustrated notes

Levels and vault maps discovered:
D:1:      tarquinn_simple_flora_water_e, layout_basic, serial_shops,
          nicolae_shop_back_alley_shop
D:2:      layout_basic, serial_shops, nicolae_shop_real_fake_doors,
          nicolae_lakefront_shop, shop
D:3:      kennysheep_big_flooded_room, layout_basic, serial_shops,
          nicolae_diamond_shop
D:4:      minmay_chambers_of_twos, layout_basic, uniq_pikel,
          uniq_crazy_yiuf_cottage, uniq_natasha
D:5:      dreamdust_elfheim, layout_rooms, nicolae_uskayaw_en_pointe,
          gup_ossuary_entry_pyramid, item_on_display_a
D:6:      layout_basic, minmay_temple_entry_tees, uniq_prince_ribbit1
D:7:      layout_loops_ring, grunt_gozag_statues
D:8:      layout_loops_ring, amcnicky_mini_rare_corridor_liquid
D:9:      layout_gridville, tgw_fedhas, mainiacjoe_overflow_cross_hatched,
          enter_bailey_4, nicolae_demonic_statue_gallery
D:10:     layout_big_octagon, enter_trove_6, kennysheep_diamond, uniq_maggie,
          uniq_psyche
D:11:     layout_loops_corners, dpeg_lair_monsters, serial_rivers,
          chequers_serial_rivers_room_b, chequers_serial_rivers_marsh,
          chequers_serial_rivers_marsh, chequers_serial_rivers_micro_a,
          uniq_lodul
Temple:   compressed_dpeg_circular_temple
Lair:1:   layout_chaotic_city, st_stairs_4, uniq_joseph
Lair:2:   layout_chaotic_city, elwin_shoals_entry_rooms,
          gammafunk_ghost_necromancy, cheibrodos_lair_lostbears,
          infiniplex_staircase_pool, uniq_nergalle
Lair:3:   layout_loops_ring, spider_nest_entry_web_field,
          nicolae_volcano_entry_batcave, gauntlet_entry_generic,
          minmay_shattered_shrine, uniq_amaemon
Volcano:  volcano_grotto [vgs_many_chambers]

Skill      XL: |  1  2  3  4  5  6  7  8  9 10 11 12 13 |
---------------+----------------------------------------+-----
Stealth        | 2 3 5 7 |  7.3
Fighting       | 3 4 5 6 7 8 10 11 | 11.3
Poison Magic   | 2 4 5 |  5.0
Air Magic      | 1 2 3 5 7 |  7.4
Translocations | 1 |  1.0
Evocations     | 1 2 |  2.5
Dodging        | 3 4 5 7 |  7.2
Unarmed Combat | 5 6 7 9 10 11 | 11.3
Spellcasting   | 3 4 |  4.4
Conjurations   | 4 |  4.0
Shields        | 8 9 10 | 10.7

Action                     |  1- 3 |  4- 6 |  7- 9 | 10-12 | 13-15 || total
---------------------------+-------+-------+-------+-------+-------++-------
  Melee: Unarmed           |    32 |    51 |   202 |   222 |    62 ||   569
         Punch             |     1 |     2 |    15 |    17 |     7 ||    42
         Tentacles         |     7 |    12 |    50 |    61 |    18 ||   148
         Constrict         |     6 |    11 |    42 |    52 |     7 ||   118
   Fire: Sling             |    83 |    56 |    10 |       |       ||   149
         Arbalest          |       |       |    41 |       |       ||    41
         Orcbow            |       |       |       |    12 |       ||    12
  Throw: Boomerang         |       |       |       |     8 |       ||     8
   Cast: Poisonous Vapours |       |    34 |   119 |   315 |    55 ||   523
         Momentum Strike   |       |       |     7 |       |       ||     7
         Mephitic Cloud    |       |       |    17 |    62 |     6 ||    85
         Airstrike         |       |       |       |   135 |    68 ||   203
         Swiftness         |       |       |       |     1 |       ||     1
 Invoke: Curse Item        |       |       |       |     7 |     1 ||     8
  Evoke: Wand              |       |       |     1 |       |     1 ||     2
    Use: Scroll            |     6 |     2 |     5 |     2 |     4 ||    19
         Potion            |       |       |     1 |       |     2 ||     3
   Stab: Sleeping          |       |     1 |    13 |     1 |     2 ||    17
         Confused          |       |       |     4 |    13 |     1 ||    18
         Distracted        |       |       |       |     1 |       ||     1
         Invisible         |       |       |       |     2 |       ||     2
 Armour: Skin              |     6 |     8 |    28 |    25 |     6 ||    73
  Dodge: Dodged            |    27 |    33 |    93 |   123 |    24 ||   300
  Block: Kite shield       |       |       |       |   130 |    59 ||   189

Table legend: (Time is in decaauts)
 A = Elapsed time spent in this place.
 B = Non-inter-level travel time spent in this place.
 C = Inter-level travel time spent in this place.
 D = Time resting spent in this place.
 E = Time spent auto-exploring this place.
 F = Levels seen in this place.
 G = Mean time per level.
                   A        B        C        D        E       F      G
               +--------+--------+--------+--------+--------+-----+--------+
         Total |  22861 |  21753 |   1108 |   3163 |  13587 |  18 | 1270.1 |
       Dungeon |  17360 |  16483 |    877 |   2579 |  10804 |  11 | 1578.2 |
        Temple |     26 |     21 |      5 |      0 |      0 |   1 |   26.0 |
          Lair |   2865 |   2639 |    226 |     85 |   1956 |   3 |  955.0 |
       Ossuary |    355 |    355 |      0 |     51 |    125 |   1 |  355.0 |
        Bailey |   2068 |   2068 |      0 |    448 |    702 |   1 | 2068.0 |
       Volcano |    184 |    184 |      0 |      0 |      0 |   1 |  184.0 |
               +--------+--------+--------+--------+--------+-----+--------+

Top non-repeatable levels by time:
    D:11: 3264 daAuts
     D:4: 2662 daAuts
  Bailey: 2068 daAuts
    D:10: 1781 daAuts
     D:9: 1529 daAuts
  Lair:1: 1453 daAuts
  Lair:2: 1342 daAuts
     D:8: 1333 daAuts
     D:6: 1324 daAuts
     D:3: 1297 daAuts
     D:7: 1171 daAuts
     D:1: 1019 daAuts
     D:5: 1016 daAuts
     D:2: 960 daAuts
 Ossuary: 355 daAuts
